 Dungeon Crawl Stone Soup version 0.28-a0-695-gff097466f2 (console) character file.

Game seed: 2244668196470731338

5891 NeKpoT the Magician (level 10, -2/75 HPs)
             Began as a Gnoll Fire Elementalist on Oct 21, 2021.
             Was a Believer of Sif Muna.
             Slain by a basilisk (6 damage)
             ... while petrified by a basilisk
             ... on level 8 of the Dungeon.
             The game lasted 00:52:56 (8606 turns).

NeKpoT the Magician (Gnoll Fire Elementalist)       Turns: 8606, Time: 00:52:57

Health: -2/75      AC: 12    Str:  9    XL:     10   Next: 82%
Magic:  10/21      EV:  2    Int: 16    God:    Sif Muna [**....]
Gold:   379        SH:  0    Dex: 22    Spells: 12/24 levels left

rFire   . . .      SeeInvis .   M - +0 rapier
rCold   . . .      Faith    .   (no shield)
rNeg    + + +      Spirit   .   O - +0 steam dragon scales
rPois   ∞          Reflect  .   I - +0 helmet
rElec   .          Harm     .   (no cloak)
rCorr   .          Rampage  .   f - +0 pair of gloves
Will    .....                   F - +2 pair of boots
Stlth   ++++......              (no amulet)
HPRegen 0.22/turn               w - +6 ring of dexterity
MPRegen 0.17/turn               x - ring "Jyaqeshryomm" {EV+4 Dex+3}

@: petrified
A: fangs 1, strong nose, distributed training
a: Renounce Religion, Channel Magic


You were on level 8 of the Dungeon.
You worshipped Sif Muna.
Sif Muna was pleased with you.
You visited 1 branch of the dungeon, and saw 8 of its levels.
You also visited: Ossuary.

You collected 379 gold pieces.

Inventory:

Hand Weapons
 a - a +3 dagger
 b - a +0 hunting sling
 j - a +1 mace of holy wrath
 z - a +1 short sword of electrocution
 M - a +0 rapier (weapon)
Missiles
 d - 5 boomerangs
 g - 56 poisoned darts
 h - 221 stones
 l - 57 bolts
 B - 4 curare-tipped darts (quivered)
 E - a throwing net
 G - 131 arrows
Armour
 f - a +0 pair of gloves (worn)
 o - a +2 ring mail of fire resistance
 v - a +2 robe of positive energy
 F - a +2 pair of boots (worn)
 I - a +0 helmet (worn)
 O - +0 steam dragon scales (worn)
Magical Staves
 s - a staff of fire
Jewellery
 n - a +6 ring of dexterity
 q - an amulet of guardian spirit
 u - a ring of protection from fire
 w - a +6 ring of dexterity (left hand)
 x - the ring "Jyaqeshryomm" (right hand) {EV+4 Dex+3}
   (You found it on level 4 of the Dungeon)

   [ring of evasion]

   EV:        It affects your evasion (+4).
   Dex:       It affects your dexterity (+3).
Wands
 i - a wand of mindburst (14)
 p - a wand of iceblast (17)
 P - a wand of flame (12)
Scrolls
 c - a scroll of amnesia
 e - 2 scrolls of noise
 m - a scroll of silence {unknown}
 r - 2 scrolls of enchant armour {unknown}
 t - 3 scrolls of enchant weapon {unknown}
 y - a scroll of blinking {unknown}
 C - a scroll of teleportation {unknown}
 J - a scroll of immolation {unknown}
 N - a scroll of identify
 Q - a scroll of magic mapping
Potions
 k - a potion of mutation
 A - 5 potions of curing
 D - 2 potions of attraction
 H - 2 potions of lignification
 K - 2 potions of resistance
 L - a potion of brilliance


   Skills:
 + Level 5.6 Fighting
 + Level 5.6 Short Blades
 + Level 5.6 Long Blades
 + Level 5.6 Axes
 + Level 5.6 Maces & Flails
 + Level 5.6 Polearms
 + Level 5.6 Staves
 + Level 5.6 Slings
 + Level 5.6 Bows
 + Level 5.6 Crossbows
 + Level 5.6 Throwing
 + Level 5.6 Armour
 + Level 7.3 Dodging
 + Level 7.1 Stealth
 + Level 5.6 Shields
 + Level 5.6 Unarmed Combat
 + Level 7.6 Spellcasting
 + Level 5.2 Conjurations
 + Level 4.6 Hexes
 + Level 4.6 Summonings
 + Level 4.6 Necromancy
 + Level 4.6 Translocations
 + Level 4.6 Transmutations
 + Level 7.3 Fire Magic
 + Level 4.6 Ice Magic
 + Level 4.6 Air Magic
 + Level 4.6 Earth Magic
 + Level 4.6 Poison Magic
 + Level 6.2 Invocations
 + Level 5.6 Evocations


You had 12 spell levels left.
You knew the following spells:

 Your Spells              Type           Power      Damage    Failure   Level
a - Foxfire               Conj/Fire      100%       2x1d9     1%          1
b - Scorch                Fire           58%        2d8       1%          2
c - Conjure Flame         Conj/Fire      26%        6-21      2%          3
d - Poisonous Vapours     Pois/Air       42%        N/A       2%          2
e - Flame Wave            Conj/Fire      26%        3d6       9%          4

Your spell library contained the following spells:

 Spells                   Type           Power      Damage    Failure   Level
 Pain                     Necr           84%        1d8       1%          1
 Sting                    Tmut/Pois      84%        1d7       1%          1
 Corpse Rot               Necr/Air       42%        N/A       2%          2
 Inner Flame              Hex/Fire       25%        N/A       3%          3
 Olgreb's Toxic Radiance  Pois           21%        N/A       17%         4
 Agony                    Necr           21%        N/A       43%         5
 Excruciating Wounds      Necr           10%        N/A       43%         5


Dungeon Overview and Level Annotations

Branches:
Dungeon (8/15)             Temple (0/1) D:7         Ossuary (visited)
   Lair: D:8-11

Altars:
Dithmenos
Fedhas
Hepliaklqana
Makhleb
Qazlal
Sif Muna
Wu Jian
Xom
Yredelemnul
Zin


Innate Abilities, Weirdness & Mutations

You have very sharp teeth.
Your uncanny sense of smell can sniff out nearby items.
Your experience applies equally to all skills.


Message History

Unknown command.
Press: ? - help, v - describe, . - travel
Here: a basilisk (lightly wounded)
The floor.
Aiming: Iceblast
Press: ? - help, Shift-Dir - straight line
Okay, then.
Unknown command.
The basilisk gazes at you.
You are slowing down.
Hit: M) +0 rapier
Press: ? - help, Dir - move target, f - basilisk
Aim: a basilisk (lightly wounded, about 37% to evade your +0 rapier)
Okay, then.
Unknown command.
Aiming: Iceblast
Press: ? - help, Shift-Dir - straight line The mass of ice explodes!
The iceblast engulfs the basilisk!!
The basilisk is severely wounded.
The iceblast engulfs the basilisk!
The basilisk is heavily wounded.
The basilisk bites you!
* * * LOW HITPOINT WARNING * * *
The basilisk bites you but does no damage.
The basilisk bites you.
* * * LOW HITPOINT WARNING * * *
Your limbs are stiffening.
You feel better. The basilisk barely misses you. The basilisk bites you.
* * * LOW HITPOINT WARNING * * *
You have turned to stone.
The basilisk bites you.
* * * LOW HITPOINT WARNING * * *
The basilisk gazes at you. You resist with some effort.
The basilisk gazes at you. You resist with some effort. The basilisk bites you.
* * * LOW HITPOINT WARNING * * *
The basilisk gazes at you. You resist with some effort. The basilisk bites you!
You die...

##### ### ∆
###?.#.####.#####
####.#@###.........## #
#..##ll......###....##
#...#...†.....!.###.###..##
.....[.[..###.### ## ###..
..#...†?##.#### ###
...#...#. #.. # .#....# ##
### # ##.## ∆ ##


You could see 2 basilisks.

Vanquished Creatures
  2 two-headed ogres
  A cyclops (D:6)
  A komodo dragon (D:8)
  A hornet (D:8)
  A shadow (D:7)
  2 wyverns (D:8)
  3 steam dragons (D:8)
  An acid dragon (D:8)
  A water moccasin (D:6)
  A sky beast (D:5)
  A black bear (D:6)
  An ogre (D:6)
  3 centaurs
  The ghost of Zigma the Grave Robber, an amateur OpNe (D:3)
  3 kobold brigands
  2 bullfrogs
  4 elf zombies (Ossuary)
  3 scorpions
  4 centaur zombies
  A bullfrog zombie (D:6)
  An orc priest (D:5)
  2 centaur skeletons
  3 bullfrog skeletons
  A gnoll shaman (D:7)
  2 hounds
  A human zombie (Ossuary)
  2 jellies
  6 iguanas
  7 orc wizards
  2 mummies (Ossuary)
  A howler monkey zombie (D:8)
  6 gnolls
  11 adders
  2 white imps
  An ufetubus (D:6)
  An adder zombie (Ossuary)
  2 worms
  4 dart slugs
  20 orcs
  10 endoplasms
  4 giant cockroaches
  11 goblins
  5 hobgoblins
  4 jackals (D:1)
  4 quokkas
  7 ball pythons
  3 frilled lizards
  A goblin zombie (Ossuary)
  5 hobgoblin zombies (Ossuary)
  2 jackal zombies (Ossuary)
  18 kobolds
  11 kobold zombies (Ossuary)
  10 orc zombies (Ossuary)
  A rat (D:3)
208 creatures vanquished.

Vanquished Creatures (others)
  230 foxfires
  A fungus (D:3)
  2 plants (D:3)
233 creatures vanquished.

Grand Total: 441 creatures vanquished

Notes
Turn   | Place    | Note
-------+----------+-------------------------------------------
     0 | D:1      | NeKpoT the Gnoll Fire Elementalist began the quest for the
                  | Orb.
     0 | D:1      | Reached XP level 1. HP: 13/13 MP: 6/6
   137 | D:1      | Reached XP level 2. HP: 19/19 MP: 7/7
   183 | D:1      | Learned a level 2 spell: Scorch
   352 | D:1      | Reached XP level 3. HP: 25/25 MP: 0/9
   509 | D:1      | Reached skill level 5 in Spellcasting
   736 | D:2      | Reached skill level 1 in Invocations
   979 | D:2      | Reached skill level 1 in Fighting
   979 | D:2      | Reached skill level 1 in Short Blades
   979 | D:2      | Reached skill level 1 in Long Blades
   979 | D:2      | Reached skill level 1 in Axes
   979 | D:2      | Reached skill level 1 in Maces & Flails
   979 | D:2      | Reached skill level 1 in Polearms
   979 | D:2      | Reached skill level 1 in Staves
   979 | D:2      | Reached skill level 1 in Slings
   979 | D:2      | Reached skill level 1 in Bows
   979 | D:2      | Reached skill level 1 in Crossbows
   979 | D:2      | Reached skill level 1 in Throwing
   979 | D:2      | Reached skill level 1 in Armour
   979 | D:2      | Reached skill level 1 in Shields
   979 | D:2      | Reached skill level 1 in Unarmed Combat
   979 | D:2      | Reached skill level 1 in Evocations
  1080 | D:2      | Found a faded altar of an unknown god.
  1213 | D:2      | Reached XP level 4. HP: 32/32 MP: 8/11
  1254 | D:2      | Learned a level 3 spell: Conjure Flame
  1257 | D:2      | Learned a level 2 spell: Poisonous Vapours
  1492 | D:3      | Reached skill level 1 in Hexes
  1492 | D:3      | Reached skill level 1 in Summonings
  1492 | D:3      | Reached skill level 1 in Necromancy
  1492 | D:3      | Reached skill level 1 in Translocations
  1492 | D:3      | Reached skill level 1 in Transmutations
  1492 | D:3      | Reached skill level 1 in Ice Magic
  1492 | D:3      | Reached skill level 1 in Air Magic
  1492 | D:3      | Reached skill level 1 in Earth Magic
  1492 | D:3      | Reached skill level 1 in Poison Magic
  1684 | D:3      | Found a basalt altar of Yredelemnul.
  1775 | D:3      | Found a runed translucent gate.
  1775 | D:3      | Found a runed translucent gate.
  1776 | D:3      | Noticed a kobold brigand
  1777 | D:3      | Found a runed translucent gate.
  1777 | D:3      | Noticed Zigma's ghost (amateur OpNe)
  2231 | D:3      | Found a blossoming altar of Fedhas.
  2328 | D:3      | Reached XP level 5. HP: 37/37 MP: 5/12
  2993 | D:4      | Identified the ring "Jyaqeshryomm" {EV+4 Dex+3}
  3017 | D:4      | Reached XP level 6. HP: 44/44 MP: 13/13
  3377 | D:3      | Reached skill level 5 in Dodging
  3415 | D:3      | Killed Zigma's ghost
  3607 | D:5      | Entered Level 5 of the Dungeon
  3652 | D:5      | Found a stormy altar of Qazlal.
  3686 | D:5      | Reached XP level 7. HP: 50/50 MP: 15/15
  3819 | D:5      | Found a shimmering altar of Xom.
  3821 | D:5      | Found a burning altar of Makhleb.
  3821 | D:5      | Found a hazy altar of Hepliaklqana.
  4029 | D:5      | Reached skill level 5 in Stealth
  4268 | D:5      | Reached XP level 8. HP: 57/57 MP: 7/16
  4522 | D:5      | Found a glowing silver altar of Zin.
  5377 | D:6      | Found a shadowy altar of Dithmenos.
  5427 | D:6      | Noticed a cyclops
  5434 | D:6      | Killed a cyclops
  5435 | D:6      | Reached XP level 9. HP: 65/65 MP: 13/18
  5441 | D:6      | Learned a level 4 spell: Flame Wave
  5772 | D:6      | Found a shimmering blue altar of Sif Muna.
  5775 | D:6      | Became a worshipper of Sif Muna the Loreminder
  5993 | D:7      | Found a sand-covered staircase.
  5998 | Ossuary  | Entered an ossuary
  6161 | Ossuary  | Reached * piety under Sif Muna
  6549 | D:7      | Reached skill level 5 in Invocations
  6611 | D:7      | Found a staircase to the Ecumenical Temple.
  6864 | D:7      | Reached ** piety under Sif Muna
  6866 | D:7      | Noticed a two-headed ogre
  7128 | D:7      | Killed a two-headed ogre
  7129 | D:7      | Reached skill level 5 in Fighting
  7129 | D:7      | Reached skill level 5 in Short Blades
  7129 | D:7      | Reached skill level 5 in Long Blades
  7129 | D:7      | Reached skill level 5 in Axes
  7129 | D:7      | Reached skill level 5 in Maces & Flails
  7129 | D:7      | Reached skill level 5 in Polearms
  7129 | D:7      | Reached skill level 5 in Staves
  7129 | D:7      | Reached skill level 5 in Slings
  7129 | D:7      | Reached skill level 5 in Bows
  7129 | D:7      | Reached skill level 5 in Crossbows
  7129 | D:7      | Reached skill level 5 in Throwing
  7129 | D:7      | Reached skill level 5 in Armour
  7129 | D:7      | Reached skill level 5 in Shields
  7129 | D:7      | Reached skill level 5 in Unarmed Combat
  7129 | D:7      | Reached skill level 5 in Evocations
  7129 | D:7      | Reached XP level 10. HP: 15/74 MP: 12/20
  7547 | D:8      | Found an ornate altar of the Wu Jian Council.
  7681 | D:8      | Noticed a two-headed ogre
  7690 | D:8      | Killed a two-headed ogre
  7972 | D:8      | Reached skill level 5 in Conjurations
  8598 | D:8      | HP: 2/75 [basilisk (7)]
  8605 | D:8      | HP: 3/75 [basilisk (1)]
  8606 | D:8      | Slain by a basilisk

Illustrated notes

Levels and vault maps discovered:
D:1:      grunt_arrival_lava_bath, layout_rooms
D:2:      layout_rooms, shapermc_ecumenical_altar_ellora, chequers_mini_garden,
          minmay_misc_feat_hallway
D:3:      layout_loops_ring, fedhas_altar_4, mainiacjoe_overflow_24_doors,
          gammafunk_ghost_nasty_kobolds
D:4:      layout_gridville, grunt_decor_mini_mirrors, hangedman_feature_mirror,
          grunt_decor_cap
D:5:      layout_basic, nicolae_qazlal_eye_of_the_storm, zin_treasury,
          chequers_temple_overflow_statue_of_worship
D:6:      minmay_thinvault, layout_basic, lemuel_blue_sif_altar,
          nicolae_dithmenos_through_a_glass_darkly, serial_park_tiny_2,
          minmay_liquid_box, chequers_decorated_corner
D:7:      layout_cave_pools, minmay_temple_entry_statues_fountains,
          enter_ossuary_2
D:8:      layout_basic, mainiacjoe_overflow_six_doors_small, erik_lair_dragon,
          serial_glass, glass_columns_c, glass_columns_a

Skill      XL: |  1  2  3  4  5  6  7  8  9 10 |
---------------+-------------------------------+-----
Conjurations   | 2 3 4 5 |  5.2
Spellcasting   | 5 6 7 |  7.6
Invocations    | 1 2 3 4 5 6 |  6.2
Fighting       | 1 2 3 5 |  5.6
Short Blades   | 1 2 3 5 |  5.6
Long Blades    | 1 2 3 5 |  5.6
Axes           | 1 2 3 5 |  5.6
Maces & Flails | 1 2 3 5 |  5.6
Polearms       | 1 2 3 5 |  5.6
Staves         | 1 2 3 5 |  5.6
Slings         | 1 2 3 5 |  5.6
Bows           | 1 2 3 5 |  5.6
Crossbows      | 1 2 3 5 |  5.6
Throwing       | 1 2 3 5 |  5.6
Armour         | 1 2 3 5 |  5.6
Shields        | 1 2 3 5 |  5.6
Unarmed Combat | 1 2 3 5 |  5.6
Evocations     | 1 2 3 5 |  5.6
Hexes          | 1 2 3 4 |  4.6
Summonings     | 1 2 3 4 |  4.6
Necromancy     | 1 2 3 4 |  4.6
Translocations | 1 2 3 4 |  4.6
Transmutations | 1 2 3 4 |  4.6
Ice Magic      | 1 2 3 4 |  4.6
Air Magic      | 1 2 3 4 |  4.6
Earth Magic    | 1 2 3 4 |  4.6
Poison Magic   | 1 2 3 4 |  4.6
Dodging        | 5 6 7 |  7.3
Stealth        | 5 6 7 |  7.1
Fire Magic     | 6 7 |  7.3

Action                   |  1- 3 |  4- 6 |  7- 9 | 10-12 || total
-------------------------+-------+-------+-------+-------++-------
Melee: Unarmed           |    12 |       |       |       ||    12
       Bite              |     1 |     6 |    36 |    10 ||    53
       Short sword       |    10 |       |       |       ||    10
       Dagger            |     3 |    51 |   206 |     4 ||   264
       Punch             |       |       |     7 |     1 ||     8
       Staff             |       |       |    39 |       ||    39
       Rapier            |       |       |       |    50 ||    50
Throw: Boomerang         |       |     8 |       |       ||     8
       Dart              |       |     2 |       |       ||     2
 Cast: Foxfire           |    45 |    37 |    48 |    10 ||   140
       Scorch            |     3 |    19 |    49 |    30 ||   101
       Poisonous Vapours |       |     1 |     8 |       ||     9
       Conjure Flame     |       |     2 |       |       ||     2
       Flame Wave        |       |       |     4 |     2 ||     6
Evoke: Wand              |       |       |       |     1 ||     1
  Use: Scroll            |       |       |     9 |     3 ||    12
       Potion            |       |       |     2 |     2 ||     4
 Stab: Sleeping          |       |     5 |    13 |     9 ||    27
       Distracted        |       |       |     1 |       ||     1
Armor: Robe              |     8 |     9 |    80 |     7 ||   104
       Steam dragon scal |       |       |       |    16 ||    16
Dodge: Dodged            |    26 |    31 |   284 |    81 ||   422

Table legend: (Time is in decaauts)
 A = Elapsed time spent in this place.
 B = Non-inter-level travel time spent in this place.
 C = Inter-level travel time spent in this place.
 D = Time resting spent in this place.
 E = Time spent auto-exploring this place.
 F = Levels seen in this place.
 G = Mean time per level.
                   A        B        C        D        E       F      G
               +--------+--------+--------+--------+--------+-----+--------+
         Total |   8525 |   8299 |    226 |    284 |   6243 |   9 |  947.2 |
       Dungeon |   8041 |   7815 |    226 |    284 |   5988 |   8 | 1005.1 |
       Ossuary |    484 |    484 |      0 |      0 |    255 |   1 |  484.0 |
               +--------+--------+--------+--------+--------+-----+--------+

Top non-repeatable levels by time:
     D:6: 1581 daAuts
     D:3: 1407 daAuts
     D:8: 1066 daAuts
     D:5: 944 daAuts
     D:7: 848 daAuts
     D:2: 790 daAuts
     D:4: 753 daAuts
     D:1: 649 daAuts
 Ossuary: 484 daAuts
